 Dungeon Crawl Stone Soup version 0.19.5 (webtiles) character file.

46 hexophile the Vandal (level 3, 23/23 HPs)
             Began as a Kobold Hunter on Mar 26, 2017.
             Got out of the dungeon alive.
             The game lasted 00:02:33 (1127 turns).

hexophile the Vandal (Kobold Hunter)                Turns: 1127, Time: 00:02:34

Health: 23/23      AC:  3    Str:  9    XL:     3   Next: 95%
Magic:  3/3        EV: 14    Int: 13    God:
Gold:   50         SH:  0    Dex: 15    Spells: 0 memorised, 2 levels left

rFire  . . .     SeeInvis .     a - +1 hunting sling
rCold  . . .     Gourm    .     c - +0 leather armour
rNeg   . . .     Faith    .     (shield restricted)
rPois  .         Spirit   .     (no helmet)
rElec  .         Reflect  .     (no cloak)
rCorr  .         Harm     .     (no gloves)
MR     .....                    (no boots)
Stlth  ++........               (no amulet)
                                (no ring)
                                (no ring)

@: no status effects
A: carnivore 3
a: no special abilities


You escaped.
You were very full.

You visited 1 branch of the dungeon, and saw 1 of its levels.

You collected 50 gold pieces.


Innate Abilities, Weirdness & Mutations

You are small and have problems with some larger weapons.
You are carnivorous and can eat meat at any time.

Inventory:

Hand Weapons
 a - a +1 hunting sling (weapon)
 b - a +0 short sword
Missiles
 d - 8 sling bullets (quivered)
 g - 40 stones
Armour
 c - a +0 leather armour (worn)
Scrolls
 e - 6 scrolls of remove curse {unknown}
 h - a scroll of teleportation {unknown}
 i - 3 scrolls of random uselessness {unknown}
 k - a scroll of identify {unknown}
 l - a scroll of magic mapping {unknown}
Potions
 j - a potion of curing {unknown}
 m - 2 potions of heal wounds {unknown}
 n - a potion of flight {unknown}
Comestibles
 f - 2 meat rations
 r - a bread ration


You had 2 spell levels left.
You didn't know any spells.


   Skills:
 * Level 3.4 Fighting
 - Level 4.0(4.2) Slings
 * Level 2.3(3.7) Throwing
 - Level 2.4 Dodging
 - Level 1.3 Stealth

Dungeon Overview and Level Annotations

Branches:
Dungeon (1/15)

Altars:

Vault maps used:
D:1:      dpeg_arrival_prison, minmay_surrounded
There     were no monsters in sight!


Message History

Firing (i - inventory. (,) - cycle):
d - 8 sling bullets (quivered)
Press: ? - help, Shift-Dir - straight line, f - rat
Aim: a rat (hasn't noticed you)
You shoot a sling bullet.
The sling bullet closely misses the rat.
Firing (i - inventory. (,) - cycle):
d - 7 sling bullets (quivered)
Press: ? - help, Shift-Dir - straight line, f/p - rat
Aim: a rat You shoot a sling bullet.
The sling bullet closely misses the rat.
Firing (i - inventory. (,) - cycle):
d - 6 sling bullets (quivered)
Press: ? - help, Shift-Dir - straight line, f/p - rat
Aim: a rat You shoot a sling bullet.
The sling bullet hits the rat!
You kill the rat!
No target in view!
d - 6 sling bullets (gained 1)
You see here a rat corpse.
d - 7 sling bullets (gained 1)
d - 8 sling bullets (gained 1)
There is a stone staircase leading down here.
You see here a dart slug corpse.
You see here 6 tomahawks.
g - 25 stones (gained 22)
You see here 6 tomahawks.
You see here a dart slug corpse.
There is an open door here.
You open the door.
There is an open door here.
g - 40 stones (gained 15)
There is an open door here.
As you open the door, it creaks loudly!
There is an open door here.
Done exploring.
Unknown command.
Done exploring.
Saving game... please wait.
Welcome back, hexophile the Kobold Hunter.
Press ? for a list of commands and other information.
You got additional 23 HP.
Restored 23 HP.
You have now: 23/23 HP.
Done exploring.
Done exploring.
Done exploring.
(D) Dungeon
Where to? (? - help)
Okay, then.
There is an open door here.
There is a staircase leading out of the dungeon here.
Are you sure you want to leave the Dungeon?
This will make you lose the game!
You have escaped!

Action                   || total
-------------------------++-------
Melee: Short sword       ||    25
 Fire: Hunting sling     ||    70
  Eat: Chunk             ||     8
Armor: Leather armour    ||    11
Dodge: Dodged            ||    46

Notes
Turn   | Place    | Note
-------+----------+-------------------------------------------
     0 | D:1      | hexophile the Kobold Hunter began the quest for the Orb.
     0 | D:1      | Reached XP level 1. HP: 12/12 MP: 1/1
   117 | D:1      | Reached skill level 1 in Throwing
   117 | D:1      | Reached XP level 2. HP: 18/18 MP: 2/2
   247 | D:1      | Reached skill level 3 in Fighting
   262 | D:1      | Reached XP level 3. HP: 23/23 MP: 3/3
   628 | D:1      | Reached skill level 2 in Throwing
  1127 | D:$      | Got out of the dungeon alive.

Table legend:
 A = Turns spent in this place as a percentage of turns spent in the entire game.
 B = Non-inter-level travel turns spent in this place as a percentage of non-inter-level travel turns spent in the entire game.
 C = Inter-level travel turns spent in this place as a percentage of turns spent in this place.
 D = Turns resting spent in this place as a percentage of non-inter-level travel turns spent in this place.
 E = Turns spent auto-exploring this place as a percentage of non-inter-level travel turns spent in this place.
 F = Non-inter-level travel turns spent in this place divided by the number of levels of this place that you've seen.
                   A       B       C       D       E      F
               +-------+-------+-------+-------+-------+----------------------
         Total | 100.0 | 100.0 |   0.0 |   0.0 |  14.2 | 247.0
       Dungeon | 100.0 | 100.0 |   0.0 |   0.0 |  14.2 | 247.0
               +-------+-------+-------+-------+-------+----------------------

Table legend:
 A = Kills in this place as a percentage of kills in entire the game.
 B = Kills by you in this place as a percentage of kills by you in the entire game.
 C = Kills by friends in this place as a percentage of kills by friends in the entire game.
 D = Other kills in this place as a percentage of other kills in the entire game.
 E = Experience gained in this place as a percentage of experience gained in the entire game.
 F = Experience gained in this place divided by the number of levels of this place that you have seen.
                   A       B       C       D       E      F
               +-------+-------+-------+-------+-------+----------------------
         Total | 100.0 | 100.0 |  -nan |  -nan | 100.0 |  67.0
       Dungeon | 100.0 | 100.0 |  -nan |  -nan | 100.0 |  67.0
               +-------+-------+-------+-------+-------+----------------------

Vanquished Creatures
  4 dart slugs (D:1)
  A leopard gecko (D:1)
  5 giant cockroaches (D:1)
  3 goblins (D:1)
  2 hobgoblins (D:1)
  5 jackals (D:1)
  3 bats (D:1)
  3 frilled lizards (D:1)
  5 kobolds (D:1)
  3 rats (D:1)
34 creatures vanquished.
